cohdb
Replays
Latest Replays
All Replays
Popular Replays
Top Player Replays
Match Explorer
How It Works
Community
CoH3 Stats
Reddit
Sign in to upload your games and track your stats! →
Sign in with Steam
Match 45093925
Unlisted
Match 45093925
Overview
Messages
Build Orders
End
Kradschützen Motorcycle Team
Selects Battlefield Espionage Battlegroup
Panzergrenadier Squad
Panzergrenadier Squad
250 Light Carrier
Construct Light Support Kompanie
MG34 Team
Combat Half-tracks
250 Light Carrier
Selects 250/3 Funkpanzerwagen
Selects Intel Disruption Beacon
Selects Intel Disruption Beacon
Selects Intel Disruption Beacon
Panzerjäger Squad
Assault Mechanized Group
ZyAcroQC
AshrielTR
Emma from Human Resources
Texxy
herrFritz
General Trump
Rudolf
socialist system is better
0
0
Comments
sign in to comment!
No comments posted yet!